 Dungeon Crawl Stone Soup version 0.28.0-53-g5a82cb258f (webtiles) character file.

Game seed: 6012683703266750258

491 SanguineChosen the Cudgeller (level 6, -1/56 HPs)
             Began as a Minotaur Berserker on June 2, 2022.
             Was a Believer of Trog.
             Slain by a mummy (11 damage)
             ... in an ossuary.
             The game lasted 00:32:12 (3268 turns).

SanguineChosen the Cudgeller (Minotaur Berserker)   Turns: 3268, Time: 00:32:12

Health: -1/56      AC:  7    Str: 21    XL:     6   Next: 91%
Magic:  5/5        EV: 13    Int:  4    God:    Trog [**....]
Gold:   160        SH:  0    Dex: 12    Spells: 5/5 levels left

rFire   . . .      SeeInvis .   p - +4 short sword (venom)
rCold   . . .      Faith    .   (no shield)
rNeg    . . .      Spirit   .   b - +0 animal skin
rPois   .          Reflect  .   (helmet restricted)
rElec   .          Harm     .   m - +0 cloak {Will+}
rCorr   .          Rampage  .   (no gloves)
Will    +....                   (no boots)
Stlth   ++........              (no amulet)
HPRegen 0.18/turn               d - +4 ring of protection
MPRegen 0.09/turn               (no ring)

@: no status effects
A: horns 2, retaliatory headbutt
a: Renounce Religion, Berserk, Trog's Hand


You were in an ossuary.
You worshipped Trog.
Trog was pleased with you.
You visited 1 branch of the dungeon, and saw 4 of its levels.
You also visited: Ossuary.

You collected 160 gold pieces.

Inventory:

Hand Weapons
 a - a +0 mace
 l - a +3 quarterstaff of chaos
 p - a +4 short sword of venom (weapon)
Missiles
 e - a throwing net
Armour
 b - a +0 animal skin (worn)
 m - a +0 cloak of willpower (worn)
Jewellery
 d - a +4 ring of protection (left hand)
Wands
 g - a wand of iceblast (12)
 o - a wand of flame (24)
Scrolls
 c - a scroll of fear (quivered)
 i - a scroll of amnesia
Potions
 f - 2 potions of degeneration {unknown}
 j - a potion of magic {unknown}
 k - a potion of mutation
 n - a potion of attraction {unknown}


   Skills:
 + Level 5.6 Fighting
 + Level 6.1 Maces & Flails
 + Level 1.1(4.0) Staves
 + Level 2.9 Armour
 + Level 4.2 Dodging
 + Level 2.3 Stealth


You had 5 spell levels left.
You didn't know any spells.
Your spell library was empty.

Dungeon Overview and Level Annotations

Branches:
Dungeon (4/15)            Ossuary (1/1)
 Temple: D:4-7

Altars:
Cheibriados
Zin


Innate Abilities, Weirdness & Mutations

You have a pair of horns on your head.
You reflexively headbutt those who attack you in melee.


Message History

You furiously retaliate!
You headbutt the kobold zombie.
You destroy the kobold zombie!
Trog accepts your kill.
The orc zombie hits you but does no damage.
You hit the orc zombie.
The orc zombie is severely damaged.
The mummy completely misses you. You furiously retaliate!
You headbutt the mummy!
You destroy the mummy!
Trog accepts your kill. The orc zombie hits you.
You puncture the orc zombie!
You destroy the orc zombie!
Trog accepts your kill. 2 mummies and a hobgoblin zombie come into view.
A mummy comes into view.
The mummy hits you but does no damage.
You hit the mummy but do no damage. You headbutt the mummy!
The mummy is severely damaged.
The mummy hits you!
You are too injured to fight recklessly!
You are too injured to fight recklessly!
A mummy comes into view.
You hit the hobgoblin zombie.
The hobgoblin zombie is moderately damaged.
The hobgoblin zombie closely misses you.
You furiously retaliate!
You headbutt the hobgoblin zombie. You puncture the hobgoblin zombie!
You destroy the hobgoblin zombie!
Trog accepts your kill.
You puncture the mummy!
The mummy is heavily damaged.
The mummy hits you!
* * * LOW HITPOINT WARNING * * *
You can't see any enemies this would affect, really read the scroll of fear?
Okay, then.
As you read the scroll of immolation, it crumbles to dust.
The creatures around you are filled with an inner flame!
The mummy hits you!
You die...

.....##....##....
.................
#...............
#..............
#........#
##M.....##
##....## #MM..#
#.@..# #....#
#....# #....#
#....# #....#
#.∩∩.# ######


You could see 3 mummies.

Vanquished Creatures
  2 necrophages (D:4)
  A scorpion (D:3)
  Crazy Yiuf (D:3)
  An orc priest (D:4)
  A hound (D:4)
  Ijyb (D:3)
  An iguana (D:3)
  An orc wizard (D:4)
  2 mummies (Ossuary)
  An adder (D:2)
  An adder skeleton (D:4)
  2 worms (D:2)
  2 dart slugs
  2 orcs
  4 giant cockroaches
  A gnoll zombie (Ossuary)
  5 goblins
  5 hobgoblins
  3 jackals (D:4)
  8 kobolds
  2 quokkas
  2 ball pythons (D:1)
  5 bats
  2 frilled lizards
  2 hobgoblin zombies (Ossuary)
  3 kobold zombies (Ossuary)
  2 orc zombies (Ossuary)
  2 rats (D:2)
65 creatures vanquished.

Vanquished Creatures (others)
  A fungus (D:3)
1 creature vanquished.

Grand Total: 66 creatures vanquished

Notes
Turn   | Place    | Note
-------+----------+-------------------------------------------
     0 | D:1      | SanguineChosen the Minotaur Berserker began the quest for
                  | the Orb.
     0 | D:1      | Reached XP level 1. HP: 19/19 MP: 0/0
   444 | D:1      | Found a faded altar of an unknown god.
   454 | D:1      | Reached XP level 2. HP: 18/27 MP: 1/1
   949 | D:2      | Reached skill level 4 in Maces & Flails
  1051 | D:2      | Reached ** piety under Trog
  1215 | D:2      | Reached XP level 3. HP: 23/34 MP: 2/2
  1366 | D:2      | Found a snail-covered altar of Cheibriados.
  1704 | D:3      | Noticed a scorpion
  1721 | D:3      | Killed a scorpion
  1722 | D:3      | Reached skill level 1 in Stealth
  1722 | D:3      | Reached XP level 4. HP: 10/41 MP: 3/3
  1944 | D:3      | Reached skill level 5 in Fighting
  1944 | D:3      | Reached XP level 5. HP: 38/48 MP: 4/4
  2033 | D:3      | Found a glowing silver altar of Zin.
  2063 | D:3      | Noticed Ijyb
  2074 | D:3      | Killed Ijyb
  2075 | D:3      | Reached skill level 5 in Maces & Flails
  2631 | D:3      | Found a runed translucent door.
  2632 | D:3      | Noticed Crazy Yiuf
  2640 | D:3      | Killed Crazy Yiuf
  2805 | D:4      | Noticed a necrophage
  2813 | D:4      | Killed a necrophage
  2814 | D:4      | Reached XP level 6. HP: 54/56 MP: 5/5
  2846 | D:4      | Reached skill level 6 in Maces & Flails
  2888 | D:4      | Found a transporter.
  2910 | D:4      | Found a transporter.
  3207 | D:4      | Found a sand-covered staircase.
  3217 | D:4      | Reached skill level 1 in Staves
  3223 | Ossuary  | Entered an ossuary
  3268 | Ossuary  | Slain by a mummy

Illustrated notes

Levels and vault maps discovered:
D:1:      dpeg_arrival_tiny_g, layout_loops_ring,
          shapermc_ecumenical_altar_totnotflames
D:2:      layout_basic, basic_altar
D:3:      layout_loops_ring, zin_statuary, serial_aquarium,
          aquarium_bridge_square [aquarium_subvault_bridge,
          aquarium_subvault_window, aquarium_subvault_bridge,
          aquarium_subvault_bridge], aquarium_bridge_straight
          [aquarium_subvault_bridge, aquarium_subvault_window,
          aquarium_subvault_bridge, aquarium_subvault_wall], aquarium_window_2,
          aquarium_window_fake, aquarium_view_2a, chequers_garden,
          minmay_hedge_maze, nicolae_elevator_lobby_asterisk,
          uniq_crazy_yiuf_cottage, uniq_ijyb
D:4:      gammafunk_wand_slinger, layout_basic,
          yredelemnul_forgotten_temple_becter, enter_ossuary_1, serial_shops,
          shop, uniq_edmund
Ossuary:  ossuary_tomb_3

Skill      XL: |  1  2  3  4  5  6 |
---------------+-------------------+-----
Fighting       | 4 5 |  5.6
Maces & Flails | 4 5 6 |  6.1
Stealth        | 1 2 |  2.3
Dodging        | 3 4 |  4.2
Staves         | 1 |  1.1
Armour         | |  2.9

Action                   |  1- 3 |  4- 6 || total
-------------------------+-------+-------++-------
Melee: Mace              |    81 |    36 ||   117
       Headbutt          |    16 |    15 ||    31
       Quarterstaff      |       |    28 ||    28
       Short sword       |       |    25 ||    25
Invok: Trog's Hand       |     2 |     3 ||     5
       Berserk           |     1 |       ||     1
  Use: Potion            |     1 |       ||     1
       Scroll            |       |     5 ||     5
 Stab: Distracted        |     1 |       ||     1
       Sleeping          |     1 |     3 ||     4
Armor: Animal skin       |    24 |    25 ||    49
Dodge: Dodged            |    41 |    52 ||    93
